 Dungeon Crawl Stone Soup version 0.23.2-1-ga50397a6bc (webtiles) character file.

Game seed: 7056989904463775888

7811 Gordogan the Cleaver (level 11, -1/97 HPs)
             Began as a Minotaur Berserker on May 1, 2019.
             Was a High Priest of Trog.
             Splashed by an oklob plant's acid (11 damage)
             ... on level 11 of the Dungeon.
             The game lasted 01:31:09 (8728 turns).

Gordogan the Cleaver (Minotaur Berserker)           Turns: 8728, Time: 01:31:11

Health: -1/97      AC: 10    Str: 32    XL:     11   Next: 1%
Magic:  10/10      EV: 11    Int: -1 (5) God:    Trog [*****.]
Gold:   566        SH:  0    Dex: 15    Spells: 10/10 levels left

rFire    . . .     SeeInvis +   a - +8 battleaxe "Zaubout" {drain, *Noise rPois Str+3 SInv}
rCold    + . .     Gourm    .   (shield currently unavailable)
rNeg     . . .     Faith    .   L - +6 chain mail of Catatonia {rPois MR+ Stlth-}
rPois    +         Spirit   .   (helmet restricted)
rElec    .         Reflect  .   (no cloak)
rCorr    .         Harm     .   (no gloves)
MR       +++..                  v - +0 pair of boots of Giuzoov {rC+ Str+5}
Stlth    ..........             (no amulet)
HPRegen  1.26/turn              r - +5 ring of dexterity
MPRegen  0.12/turn              t - ring of poison resistance

@: corroded, regenerating, slowed, lost intelligence, very slow
A: retaliatory headbutt, horns 2
a: Berserk, Trog's Hand, Brothers in Arms, Renounce Religion


You were on level 11 of the Dungeon.
You worshipped Trog.
Trog was extremely pleased with you.
You were not hungry.

You visited 2 branches of the dungeon, and saw 12 of its levels.

You collected 566 gold pieces.

Inventory:

Hand Weapons
 a - the +8 battleaxe "Zaubout" (weapon) {drain, *Noise rPois Str+3 SInv}
   (You found it on level 4 of the Dungeon)

   A truly terrible weapon, it drains the life of those it strikes.
   It affects your strength (+3).
   It protects you from poison.
   It lets you see invisible.
   It may make noises in combat.
 b - a +3 hunting sling
 G - a +4 antimagic hand axe
Missiles
 p - 191 stones (quivered)
Armour
 v - the +0 pair of boots of Giuzoov (worn) {rC+ Str+5}
   (You found it on level 4 of the Dungeon)

   It affects your strength (+5).
   It protects you from cold.
 L - the +6 chain mail of Catatonia (worn) {rPois MR+ Stlth-}
   (You found it on level 6 of the Dungeon)

   It protects you from poison.
   It affects your resistance to hostile enchantments.
   It makes you less stealthy.
Jewellery
 r - a +5 ring of dexterity (left hand)
 t - a ring of poison resistance (right hand)
 E - an uncursed ring of stealth
Wands
 i - a wand of disintegration (9)
 u - a wand of polymorph (21)
 w - a wand of iceblast (16)
 B - a wand of random effects (17)
 F - a wand of flame (9)
Scrolls
 d - 4 scrolls of fear
 n - 2 scrolls of blinking
 o - 3 scrolls of immolation
 q - 3 scrolls of fog
 x - a scroll of enchant armour
 y - 7 scrolls of remove curse
 C - 2 scrolls of enchant weapon
 D - 2 scrolls of identify
 K - 5 scrolls of teleportation
Potions
 e - 2 potions of heal wounds
 f - 2 potions of haste
 g - 2 potions of curing
 h - 2 potions of lignification
 j - a potion of might
 k - a potion of brilliance {unknown}
 l - a potion of ambrosia {unknown}
 m - 3 potions of degeneration {unknown}
 s - a potion of mutation {unknown}
 z - 2 potions of agility
 A - a potion of resistance {unknown}
Comestibles
 c - 15 rations
 H - a chunk of flesh


   Skills:
 + Level 9.5 Fighting
 + Level 14.5 Axes
 + Level 2.2(2.3) Slings
 + Level 0.9(1.5) Throwing
 + Level 9.2 Armour
 + Level 4.0 Dodging
 + Level 1.2 Stealth
   Level 2.7 Shields


You had 10 spell levels left.
You didn't know any spells.
Your spell library contained the following spells:

 Spells                   Type           Power        Failure   Level  Hunger
 Irradiate                Conj/Tmut      #.........   100%        5    ######.
 Hydra Form               Tmut           #.........   100%        6    #######
 Statue Form              Tmut/Erth      #........    100%        6    #######
 Dragon Form              Tmut           #.........   100%        7    #######


Dungeon Overview and Level Annotations

Branches:
Dungeon (11/15)            Temple (1/1) D:5            Lair (0/6) D:11
    Orc: D:9-12

Altars:
Ashenzari
Cheibriados
Dithmenos
Elyvilon
Fedhas
Gozag
Hepliaklqana
Kikubaaqudgha
Makhleb
Nemelex Xobeh
Okawaru
Qazlal
Ru
Sif Muna
Trog
Uskayaw
Vehumet
Wu Jian
Xom
Yredelemnul
Zin
The Shining One

Shops:
D:7 :

Annotations:
D:11 exclusion: oklob plant


Innate Abilities, Weirdness & Mutations

You reflexively headbutt those who attack you in melee.
You have a pair of horns on your head.


Message History

The oklob plant spits acid at you.
The splash of acid hits you but does no damage.
You are splashed with acid!
The oklob plant spits acid at you. The splash of acid hits you.
You are splashed with acid!
* * * LOW HITPOINT WARNING * * *
There is a staircase to the Lair here.
You hit the oklob plant.
The oklob plant is lightly damaged.
The oklob plant spits acid at you.
The splash of acid hits you but does no damage.
The acid corrodes you!
You are splashed with acid!
* * * LOW HITPOINT WARNING * * *
Your skin crawls.
You feel resistant to hostile enchantments.
You feel somewhat more hungry. The oklob plant spits acid at you.
The splash of acid hits you but does no damage.
The acid corrodes you!
You are splashed with acid!
You die...

## # #.. #######. .#
#..#...≈... ...
#....#...# ....
#...##P..##....
##.#...@.....#
#..#≈...>.P.≈#
#..#....÷.P..#
##########....##...##....
......<........#...#.....
##########...#...≈...# .#
#>...#######...# #.#.##
### #.#.#


You could see an oklob plant.

Vanquished Creatures
  Harold (D:10)
  Erica (D:8)
  Pikel (D:7)
  An orange crystal statue (D:10)
  A troll (D:9)
  2 hornets (D:9)
  Prince Ribbit (D:8)
  3 hippogriffs
  A wraith (D:10)
  Menkaure (D:4)
  2 hungry ghosts
  2 soldier ants (D:8)
  A sky beast (D:7)
  3 orc warriors
  2 phantoms
  An eye of draining (D:9)
  A slave (D:7)
  An ogre (D:8)
  3 centaurs
  A crocodile (D:9)
  Blork the orc (D:5)
  4 bullfrogs
  A wyvern zombie (D:8)
  3 scorpions
  A wyvern skeleton (D:9)
  5 killer bees (D:6)
  A howler monkey (D:5)
  2 crimson imps
  2 bullfrog zombies
  2 quasits
  9 orc priests
  4 hounds
  3 jellies
  10 orc wizards
  A bullfrog skeleton (D:8)
  4 iguanas
  7 worker ants
  2 killer bee zombies
  2 hound zombies
  A hound skeleton (D:10)
  A worker ant zombie (D:8)
  A howler monkey zombie (D:5)
  11 gnolls
  14 adders
  2 shadow imps
  An ooze (D:6)
  An adder zombie (D:9)
  5 worms
  A dart slug (D:3)
  5 leopard geckos
  26 orcs
  16 bats
  3 giant cockroaches
  2 gnoll zombies (D:3)
  7 goblins
  9 hobgoblins
  3 jackals
  4 kobolds
  12 quokkas
  2 ball pythons
  2 frilled lizards
  A jackal skeleton (D:8)
  A leopard gecko skeleton (D:7)
  5 rats
  11 plants (D:11)
241 creatures vanquished.

Notes
Turn   | Place    | Note
-------+----------+-------------------------------------------
     0 | D:1      | Gordogan the Minotaur Berserker began the quest for the
                  | Orb.
     0 | D:1      | Reached XP level 1. HP: 19/19 MP: 0/0
   101 | D:1      | Reached skill level 4 in Axes
   101 | D:1      | Reached XP level 2. HP: 20/27 MP: 1/1
   771 | D:2      | Reached XP level 3. HP: 33/33 MP: 2/2
   849 | D:2      | Reached ** piety under Trog
   858 | D:2      | Reached XP level 4. HP: 20/41 MP: 3/3
  1583 | D:2      | Found an iron altar of Okawaru.
  2143 | D:3      | Reached XP level 5. HP: 45/47 MP: 4/4
  2226 | D:3      | Found a basalt altar of Yredelemnul.
  2373 | D:3      | Reached skill level 5 in Axes
  2582 | D:4      | Got a pair of pitted boots
  2588 | D:4      | Identified the cursed +0 pair of boots of Giuzoov {rC+
                  | Str+5} (You found it on level 4 of the Dungeon)
  2601 | D:4      | Reached *** piety under Trog
  2627 | D:4      | Found a burning altar of Makhleb.
  2627 | D:4      | Noticed a balrug
  2631 | D:4      | Noticed an orange demon
  2631 | D:4      | Noticed a smoke demon
  2647 | D:4      | Reached skill level 5 in Fighting
  2741 | D:4      | Reached skill level 1 in Shields
  2741 | D:4      | Reached XP level 6. HP: 56/56 MP: 5/5
  2833 | D:4      | Found an opulent altar of Gozag.
  2939 | D:4      | Noticed Menkaure
  2947 | D:4      | Killed Menkaure
  2947 | D:4      | Reached skill level 6 in Axes
  2947 | D:4      | Reached XP level 7. HP: 30/61 MP: 6/6
  2981 | D:4      | Got a warped battleaxe
  2992 | D:4      | Identified the +8 battleaxe "Zaubout" {drain, *Noise rPois
                  | Str+3 SInv} (You found it on level 4 of the Dungeon)
  3084 | D:5      | Entered Level 5 of the Dungeon
  3089 | D:5      | Found a stormy altar of Qazlal.
  3106 | D:5      | Reached skill level 7 in Axes
  3231 | D:5      | Found a staircase to the Ecumenical Temple.
  3239 | D:5      | Noticed Blork the orc
  3246 | D:5      | Killed Blork the orc
  3320 | D:5      | Reached skill level 8 in Axes
  3648 | D:5      | Found a sparkling altar of Nemelex Xobeh.
  3650 | D:5      | Found a sacrificial altar of Ru.
  3650 | D:5      | Found a shadowy altar of Dithmenos.
  3652 | D:5      | Found a shimmering altar of Xom.
  3652 | D:5      | Found a shimmering altar of Xom.
  3652 | D:5      | Found a bloodstained altar of Trog.
  3751 | Temple   | Entered the Ecumenical Temple
  4012 | D:6      | Reached skill level 5 in Armour
  4058 | D:6      | Reached XP level 8. HP: 70/70 MP: 7/7
  4060 | D:6      | Reached **** piety under Trog
  4160 | D:6      | Found a hazy altar of Hepliaklqana.
  4213 | D:6      | Reached skill level 9 in Axes
  4252 | D:6      | Reached skill level 10 in Axes
  4643 | D:6      | Got a pitted chain mail
  4921 | D:6      | Identified the +6 chain mail of Catatonia {rPois MR+
                  | Stlth-} (You found it on level 6 of the Dungeon)
  4950 | D:7      | Found an iron altar of Okawaru.
  4955 | D:7      | Found a sparkling altar of Nemelex Xobeh.
  4958 | D:7      | Reached XP level 9. HP: 79/79 MP: 8/8
  5000 | D:7      | Found Waittoru's Book Boutique.
  5346 | D:7      | Reached skill level 11 in Axes
  5490 | D:7      | Found a shattered altar of Ashenzari.
  5747 | D:7      | Noticed Pikel
  5755 | D:7      | Killed Pikel
  5755 | D:7      | Reached skill level 1 in Slings
  5946 | D:8      | Noticed Erica
  5953 | D:8      | Killed Erica
  5953 | D:8      | Reached skill level 12 in Axes
  6035 | D:8      | Reached XP level 10. HP: 88/88 MP: 9/9
  6036 | D:8      | Found a blossoming altar of Fedhas.
  6291 | D:8      | Noticed Prince Ribbit
  6299 | D:8      | Killed Prince Ribbit
  6299 | D:8      | Reached ***** piety under Trog
  6300 | D:8      | Found a blossoming altar of Fedhas.
  6570 | D:8      | Reached skill level 13 in Axes
  6675 | D:8      | Reached skill level 1 in Stealth
  6684 | D:8      | Found an ancient bone altar of Kikubaaqudgha.
  7127 | D:9      | Reached skill level 14 in Axes
  7212 | D:9      | Found an ornate altar of the Wu Jian Council.
  7405 | D:10     | Entered Level 10 of the Dungeon
  7489 | D:10     | Got a steaming hunting sling
  7490 | D:10     | Identified the +9 hunting sling "Kaleciw" {velocity, *Drain
                  | Str+2 Stlth+} (You found it on level 10 of the Dungeon)
  7657 | D:10     | Noticed an orange crystal statue
  7679 | D:10     | Noticed a gargoyle
  7688 | D:10     | Lost intelligence.
  7706 | D:10     | Killed an orange crystal statue
  7706 | D:10     | Paralysed by fainting for 11 turns
  8075 | D:10     | Noticed Harold
  8085 | D:10     | Killed Harold
  8085 | D:10     | Received a gift from Trog
  8085 | D:10     | Reached XP level 11. HP: 67/97 MP: 10/10
  8686 | D:11     | Found a staircase to the Lair.
  8686 | D:11     | Noticed an oklob plant
  8728 | D:11     | Splashed by an oklob plant's acid

Skill      XL: |  1  2  3  4  5  6  7  8  9 10 |
---------------+-------------------------------+-----
Axes           | 4 5 6 8 10 12 14 | 14.5
Fighting       | 4 5 6 7 8 9 |  9.5
Armour         | 3 4 5 6 8 9 |  9.2
Dodging        | 3 4 |  4.0
Shields        | 1 2 |  2.7
Slings         | 1 2 |  2.2
Stealth        | 1 |  1.2
Throwing       | |  0.9

Action                   |  1- 3 |  4- 6 |  7- 9 | 10-12 || total
-------------------------+-------+-------+-------+-------++-------
Melee: Hand axe          |    56 |    96 |       |       ||   152
       Headbutt          |     6 |    17 |    24 |    42 ||    89
       War axe           |       |    48 |     2 |       ||    50
       Battleaxe         |       |       |   142 |   149 ||   291
 Fire: Hunting sling     |       |       |     2 |     6 ||     8
Throw: Stone             |       |    16 |    11 |    11 ||    38
Invok: Trog's Hand       |       |       |       |     1 ||     1
Evoke: Wand              |       |       |       |     1 ||     1
  Use: Scroll            |     2 |     3 |    11 |     2 ||    18
       Potion            |       |       |     1 |       ||     1
  Eat: Chunk             |       |     7 |     2 |     5 ||    14
       Ration            |       |       |     4 |     4 ||     8
Armor: Animal skin       |     1 |       |       |       ||     1
       Ring mail         |    27 |     1 |       |       ||    28
       Scale mail        |       |    57 |       |       ||    57
       Plate armour      |       |       |    67 |       ||    67
       Chain mail        |       |       |    38 |    86 ||   124
Dodge: Dodged            |    34 |    56 |    87 |    75 ||   252
Block: Shield            |    16 |    56 |     1 |       ||    73
